Penguins vs Jets

Created - 11 novembre 2020 at 11:31

Goals
1 2 3 T
Penguins 1 0 0 1
Jets 1 1 1 3
Shots
1 2 3 T
Penguins 10 17 9 36
Jets 9 14 14 37

1st period

1. Jets , Nathan MacKinnon 1 (Victor Olofsson 1, Josh Manson 1) at 0:16
2. Penguins , Patric Hornqvist 1 (Auston Matthews 1, Mikkel Boedker 1) at 19:38

Penalties :
No Penalty

2nd period

3. Jets , Wayne Simmonds 1 (Kyle Turris 1, Colton Sissons 1) at 18:33

Penalties :
Josh Manson (WIN) for Slashing (Minor) at 4:36

3rd period

4. Jets , Colton Sissons 1 (Zach Aston-Reese 1, Erik Gudbranson 1) at 19:44 (Empty Net)

Penalties :
Mark Pysyk (WIN) for Goalie Interference (Minor) at 4:05

Goalie Stats

Tuukka Rask (PIT), 34 saves from 36 shots - (0,944), L, 0-1-0, 59:48 minutes
Jonathan Bernier (WIN), 35 saves from 36 shots - (0,972), W, 1-0-0, 60:00 minutes

Players Stats for Penguins

Player Name              G  A  P  +/- PIM S  H  SB GA TA FO     MP     PP MP  PK MP  
------------------------------------------------------------------------------------
Adam Lowry               0  0  0   0  0   2  1  1  1  0  2/3    13:59   0:00   0:00 
Auston Matthews          0  1  1  -2  0   8  0  1  0  0  13/27  20:43   2:16   0:00 
Brent Burns              0  0  0  -2  0   2  2  0  0  3  0/0    24:29   2:48   0:00 
Brian Boyle              0  0  0   0  0   2  1  0  1  1  17/24  18:37   1:42   0:00 
Cale Makar               0  0  0   1  0   3  0  0  0  0  0/0    21:51   2:48   0:00 
Dmitry Orlov             0  0  0  -1  0   1  1  1  0  1  0/0    22:02   1:10   0:00 
Jacob Larsson            0  0  0  -2  0   0  0  0  0  0  0/0    16:07   0:00   0:00 
Jesperi Kotkaniemi       0  0  0   0  0   0  1  0  1  0  0/0     7:47   0:00   0:00 
Joel Armia               0  0  0  -1  0   3  0  0  0  0  1/1    19:04   1:42   0:00 
Markus Granlund          0  0  0   0  0   0  0  0  0  0  0/0     0:00   0:00   0:00 
Michael Grabner          0  0  0   0  0   1  2  0  0  0  1/1    17:09   0:00   0:00 
Mikael Granlund          0  0  0  -1  0   3  3  2  1  1  1/1    20:16   2:16   0:00 
Mikkel Boedker           0  1  1   1  0   3  2  0  1  1  0/0    24:52   0:00   0:00 
Miro Heiskanen           0  0  0   0  0   0  0  0  0  0  0/0     1:43   1:10   0:00 
Patric Hornqvist         1  0  1  -2  0   4  5  1  0  0  0/1    20:43   2:16   0:00 
Reid Boucher             0  0  0   0  0   1  1  0  1  0  0/0    12:53   0:00   0:00 
Roman Polak              0  0  0  -1  0   0  2  0  0  2  0/0    15:10   0:00   0:00 
Sam Bennett              0  0  0   0  0   1  1  0  0  0  0/5     7:47   0:00   0:00 
Tim Schaller             0  0  0   0  0   2  3  0  0  0  1/3    14:48   1:42   0:00 

Players Stats for Jets

Player Name              G  A  P  +/- PIM S  H  SB GA TA FO     MP     PP MP  PK MP  
------------------------------------------------------------------------------------
Alex Galchenyuk          0  0  0  -1  0   6  1  0  1  0  0/0    15:03   0:00   0:52 
Alexander Volkov         0  0  0   1  0   1  1  0  0  0  0/0    14:05   0:00   1:09 
Colton Sissons           1  1  2   0  0   2  3  1  1  0  9/19   17:23   0:00   2:19 
Dakota Mermis            0  0  0   1  0   0  3  0  0  1  0/0    14:16   0:00   1:20 
Erik Gudbranson          0  1  1   2  0   0  1  1  0  0  0/0    27:42   0:00   2:38 
Filip Chytil             0  0  0  -1  0   3  1  1  0  0  1/2    14:56   0:00   0:00 
James van Riemsdyk       0  0  0   1  0   2  2  1  0  0  1/2    20:04   0:00   0:30 
Jonathan Ericsson        0  0  0   1  0   2  2  0  0  0  0/0    14:16   0:00   1:20 
Josh Manson              0  1  1   2  2   0  0  3  0  2  0/0    26:17   0:00   1:13 
Josh Morrissey           0  0  0  -1  0   4  2  3  0  1  0/0    19:27   0:00   1:25 
Kyle Turris              0  1  1   1  0   1  2  0  1  0  3/10   13:43   0:00   0:47 
Mark Pysyk               0  0  0  -1  2   2  1  1  1  1  0/0    18:15   0:00   0:00 
Nathan MacKinnon         1  0  1   1  0   2  1  0  3  0  13/28  19:33   0:00   0:00 
Troy Brouwer             0  0  0   1  0   2  1  1  0  0  0/0     9:22   0:00   0:00 
Victor Olofsson          0  1  1   1  0   5  1  1  0  0  1/2    19:33   0:00   0:00 
Wayne Simmonds           1  0  1   1  0   2  1  1  1  0  0/0    11:56   0:00   0:00 
William Carrier          0  0  0   0  0   2  0  0  1  0  0/0     8:28   0:00   0:00 
Zach Aston-Reese         0  1  1   1  0   1  1  1  0  1  2/3    11:41   0:00   2:19 

3 Stars

1 - Jonathan Bernier (WIN)
2 - Colton Sissons (WIN)
3 - Wayne Simmonds (WIN)

Power Play

Penguins - 0 on 2 Attempt(s) - 0,00%
Jets - 0 on 0 Attempt(s) - 0,00%

Penalty Kill

Penguins - 0 on 0 Attempt(s) - 0,00% - Score 0 goal in Penalty Kill
Jets - 2 on 2 Attempt(s) - 100,00% - Score 0 goal in Penalty Kill

Team Stat

Penguins - Hits : 25 - Faceoff Wins : 36 - Blocked Shots : 6 - Penalty Minutes : 0
Jets - Hits : 24 - Faceoff Wins : 30 - Blocked Shots : 15 - Penalty Minutes : 4

Official

Referees : Francois St-Laurent and Peter MacDougall
Linesman : Matt MacPherson and Ryan Daisy

Game Notes

Colton Sissons has scored in a empty net!

Finance

Level 1 -- Attendance: 6000 (100,00%) -- Ticket Income 570 000 $
Level 2 -- Attendance: 5000 (100,00%) -- Ticket Income 300 000 $
Level 3 -- Attendance: 1301 (65,05%) -- Ticket Income 58 545 $
Level 4 -- Attendance: 2700 (67,50%) -- Ticket Income 72 900 $
Luxury Box -- Attendance: 738 (73,80%) -- Ticket Income 154 980 $
Game was played at the No Name Arena.
Total Attendance: 15739 (87,44%)
Total Ticket Income: 1 156 425 $
Other Income: 566 648 $
Total Income: 1 723 073 $

Penguins

5 vs 5 Forward 
   Center                   Left Wing                Right Wing               Time % Phy DF OF 
 1 Auston Matthews          Patric Hornqvist         Joel Armia               33     1   1  3  
 2 Brian Boyle              Michael Grabner          Mikael Granlund          33     1   1  3  
 3 Adam Lowry               Tim Schaller             Reid Boucher             20     1   2  2  
 4 Sam Bennett              Jesperi Kotkaniemi       Mikkel Boedker           14     1   2  2  

5 vs 5 Defense 
   Defense                  Defense                                           Time % Phy DF OF 
 1 Brent Burns              Dmitry Orlov                                      40     1   4  0  
 2 Mikkel Boedker           Cale Makar                                        38     1   4  0  
 3 Roman Polak              Jacob Larsson                                     22     0   5  0  
 4 Brent Burns              Dmitry Orlov                                      0      1   4  0  

PowerPlay Forward 
   Center                   Left Wing                Right Wing               Time % Phy DF OF 
 1 Auston Matthews          Patric Hornqvist         Mikael Granlund          60     1   2  2  
 2 Tim Schaller             Brian Boyle              Joel Armia               40     1   2  2  

PowerPlay Defense
   Defense                  Defense                                           Time % Phy DF OF 
 1 Brent Burns              Cale Makar                                        60     1   2  2  
 2 Dmitry Orlov             Miro Heiskanen                                    40     1   2  2  

Penalty Kill 4 Players Forward 
   Center                   Wing                     Time % Phy DF OF 
 1 Brian Boyle              Michael Grabner          60     1   3  1  
 2 Adam Lowry               Joel Armia               40     1   4  0  

Penalty Kill 4 Players Defense
   Defense                  Defense                  Time % Phy DF OF 
 1 Brent Burns              Roman Polak              55     1   4  0  
 2 Dmitry Orlov             Miro Heiskanen           45     1   2  0  

Penalty Kill - 3 Players Forward 
   Forward                                           Time % Phy DF OF 
 1 Brian Boyle                                       60     1   2  2  
 2 Adam Lowry                                        40     1   2  2  

Penalty Kill - 3 Players Defense
   Defense                  Defense                  Time % Phy DF OF 
 1 Brent Burns              Miro Heiskanen           60     1   2  2  
 2 Dmitry Orlov             Roman Polak              40     1   2  2  

4 vs 4 Forward 
   Center                   Wing                     Time % Phy DF OF 
 1 Auston Matthews          Patric Hornqvist         60     1   2  2  
 2 Mikael Granlund          Joel Armia               40     1   2  2  

4 vs 4 Defense
   Defense                  Defense                  Time % Phy DF OF 
 1 Brent Burns              Miro Heiskanen           60     1   2  2  
 2 Dmitry Orlov             Roman Polak              40     1   2  2  

Last Minutes Offensive
   Center                   Left Wing                Right Wing               Defense                  Defense                  
   Auston Matthews          Patric Hornqvist         Mikael Granlund          Brent Burns              Cale Makar               

Last Minutes Defensive
   Center                   Left Wing                Right Wing               Defense                  Defense                  
   Adam Lowry               Brian Boyle              Joel Armia               Roman Polak              Miro Heiskanen           

Goaltenders
Starting : Tuukka Rask              
Backup : Jack Campbell            

Extra Forwards
Normal : Jesperi Kotkaniemi, Adam Lowry, Michael Grabner - PP : Jesperi Kotkaniemi, Adam Lowry - PK : Michael Grabner
Extra Defensemen
Normal : Cale Makar, Jacob Larsson, Tim Schaller - PP : Cale Makar - PK : Jacob Larsson, Tim Schaller
Penalty Shots
Brent Burns, Auston Matthews, Patric Hornqvist, Mikael Granlund, Joel Armia
Custom OT Lines Forwards
Auston Matthews, Joel Armia, Patric Hornqvist, Mikael Granlund, Michael Grabner, Tim Schaller, Brian Boyle, Adam Lowry, Jesperi Kotkaniemi, Reid Boucher
Custom OT Lines Defensemen
Brent Burns, Miro Heiskanen, Dmitry Orlov, Roman Polak, Cale Makar

Scratches
Stephen Johns (Healthy), Tyler Myers (Suspend)

Jets

5 vs 5 Forward 
   Center                   Left Wing                Right Wing               Time % Phy DF OF 
 1 Nathan MacKinnon         James van Riemsdyk       Victor Olofsson          40     0   2  2  
 2 Colton Sissons           Filip Chytil             Alex Galchenyuk          30     1   2  2  
 3 Kyle Turris              Wayne Simmonds           Alexander Volkov         20     1   2  2  
 4 Zach Aston-Reese         William Carrier          Troy Brouwer             10     1   2  2  

5 vs 5 Defense 
   Defense                  Defense                                           Time % Phy DF OF 
 1 Erik Gudbranson          Josh Manson                                       40     1   2  2  
 2 Josh Morrissey           Mark Pysyk                                        30     1   2  2  
 3 Jonathan Ericsson        Dakota Mermis                                     20     1   2  2  
 4 Erik Gudbranson          Josh Manson                                       10     1   2  2  

PowerPlay Forward 
   Center                   Left Wing                Right Wing               Time % Phy DF OF 
 1 Nathan MacKinnon         James van Riemsdyk       Victor Olofsson          60     1   2  2  
 2 Colton Sissons           Filip Chytil             Alex Galchenyuk          40     1   2  2  

PowerPlay Defense
   Defense                  Defense                                           Time % Phy DF OF 
 1 Jonathan Ericsson        Josh Manson                                       60     1   2  2  
 2 Josh Morrissey           Mark Pysyk                                        40     1   2  2  

Penalty Kill 4 Players Forward 
   Center                   Wing                     Time % Phy DF OF 
 1 Colton Sissons           Zach Aston-Reese         60     1   2  2  
 2 Kyle Turris              Alexander Volkov         40     1   2  2  

Penalty Kill 4 Players Defense
   Defense                  Defense                  Time % Phy DF OF 
 1 Erik Gudbranson          Josh Manson              60     1   2  2  
 2 Dakota Mermis            Jonathan Ericsson        40     1   2  2  

Penalty Kill - 3 Players Forward 
   Forward                                           Time % Phy DF OF 
 1 Zach Aston-Reese                                  60     1   2  2  
 2 Colton Sissons                                    40     1   2  2  

Penalty Kill - 3 Players Defense
   Defense                  Defense                  Time % Phy DF OF 
 1 Erik Gudbranson          Josh Manson              60     1   2  2  
 2 Dakota Mermis            Jonathan Ericsson        40     1   2  2  

4 vs 4 Forward 
   Center                   Wing                     Time % Phy DF OF 
 1 Nathan MacKinnon         Victor Olofsson          60     1   2  2  
 2 Zach Aston-Reese         Troy Brouwer             40     1   2  2  

4 vs 4 Defense
   Defense                  Defense                  Time % Phy DF OF 
 1 Jonathan Ericsson        Josh Manson              60     1   2  2  
 2 Josh Morrissey           Mark Pysyk               40     1   2  2  

Last Minutes Offensive
   Center                   Left Wing                Right Wing               Defense                  Defense                  
   Nathan MacKinnon         James van Riemsdyk       Victor Olofsson          Josh Morrissey           Josh Manson              

Last Minutes Defensive
   Center                   Left Wing                Right Wing               Defense                  Defense                  
   Colton Sissons           Zach Aston-Reese         Troy Brouwer             Erik Gudbranson          Josh Manson              

Goaltenders
Starting : Jonathan Bernier         
Backup : Mat Robson               

Extra Forwards
Normal : Zach Aston-Reese, Filip Chytil, Alexander Volkov - PP : Zach Aston-Reese, Filip Chytil - PK : Alexander Volkov
Extra Defensemen
Normal : Jonathan Ericsson, Erik Gudbranson, Mark Pysyk - PP : Dakota Mermis - PK : Josh Morrissey, Mark Pysyk
Penalty Shots
James van Riemsdyk, Victor Olofsson, Kyle Turris, Wayne Simmonds, Colton Sissons
Custom OT Lines Forwards
James van Riemsdyk, Victor Olofsson, Kyle Turris, Wayne Simmonds, Colton Sissons, Alex Galchenyuk, Zach Aston-Reese, Filip Chytil, Alexander Volkov, William Carrier
Custom OT Lines Defensemen
Josh Morrissey, Josh Manson, Dakota Mermis, Mark Pysyk, Jonathan Ericsson

Scratches
Mike Sgarbossa (Healthy), Nate Prosser (Healthy), Mackenzie Blackwood (Suspend)

% Time on Ice - Penguins

Lines # - Real PCT - Wanted PCT - Time Play
Normal Forward
1 - 32% - 33% - 17:30
2 - 31% - 33% - 16:55
3 - 23% - 20% - 12:53
4 - 14% - 14% - 7:47
Normal Defense
1 - 37% - 40% - 20:29
2 - 35% - 38% - 19:26
3 - 28% - 22% - 15:10
4 - 0% - 0% - 0:00
PP Forward
1 - 57% - 60% - 2:16
2 - 43% - 40% - 1:42
PP Defense
1 - 71% - 60% - 2:48
2 - 29% - 40% - 1:10
PK Forward
1 - 0% - 60%
2 - 0% - 40%
PK Defense
1 - 0% - 55%
2 - 0% - 45%
PK3 Forward
1 - 0% - 60%
2 - 0% - 40%
PK3 Defense
1 - 0% - 60%
2 - 0% - 40%
44 Forward
1 - 0% - 60%
2 - 0% - 40%
44 Defense
1 - 0% - 60%
2 - 0% - 40%
Last Minute Offensive  - 0:57
Last Minute Defensive  - 0:00
Total
Forward - 60:00
Defense - 60:00

% Time on Ice - Jets

Lines # - Real PCT - Wanted PCT - Time Play
Normal Forward
1 - 35% - 40% - 19:34
2 - 28% - 30% - 15:10
3 - 22% - 20% - 11:56
4 - 15% - 10% - 8:28
Normal Defense
1 - 38% - 40% - 21:03
2 - 33% - 30% - 18:17
3 - 23% - 20% - 12:41
4 - 6% - 10% - 3:07
PP Forward
1 - 0% - 60%
2 - 0% - 40%
PP Defense
1 - 0% - 60%
2 - 0% - 40%
PK Forward
1 - 80% - 60% - 3:11
2 - 20% - 40% - 0:47
PK Defense
1 - 66% - 60% - 2:38
2 - 34% - 40% - 1:20
PK3 Forward
1 - 0% - 60%
2 - 0% - 40%
PK3 Defense
1 - 0% - 60%
2 - 0% - 40%
44 Forward
1 - 0% - 60%
2 - 0% - 40%
44 Defense
1 - 0% - 60%
2 - 0% - 40%
Last Minute Offensive  - 0:00
Last Minute Defensive  - 0:54
Total
Forward - 60:00
Defense - 60:00

Play-by-Play

1st period


0:01 of 1st period - Auston Matthews wins face-off versus Nathan MacKinnon in neutral zone.
0:04 of 1st period - Slapshot by Patric Hornqvist.
0:04 of 1st period - Stopped by Jonathan Bernier with a rebound.
0:16 of 1st period - Wrist shot by Nathan MacKinnon.
0:16 of 1st period - Goal by Nathan MacKinnon - Penguins : 0 - Jets : 1.
0:17 of 1st period - Colton Sissons wins face-off versus Brian Boyle in neutral zone.
0:30 of 1st period - Slapshot by Filip Chytil.
0:30 of 1st period - Deflect By Alex Galchenyuk.
0:30 of 1st period - Stopped by Tuukka Rask without a rebound.
0:31 of 1st period - Kyle Turris wins face-off versus Tim Schaller in Penguins zone.
0:56 of 1st period - Icing by Reid Boucher.
0:57 of 1st period - Adam Lowry wins face-off versus Zach Aston-Reese in Penguins zone.
1:22 of 1st period - Snap shot by Auston Matthews.
1:22 of 1st period - Stopped by Jonathan Bernier with a rebound.
1:52 of 1st period - Snap shot by Mikael Granlund.
1:52 of 1st period - Shot Misses the Net.
2:14 of 1st period - Snap shot by Colton Sissons.
2:14 of 1st period - Shot Blocked by Adam Lowry.
2:16 of 1st period - Slapshot by Filip Chytil.
2:16 of 1st period - Shot Misses the Net.
2:30 of 1st period - Slapshot by Cale Makar.
2:30 of 1st period - Stopped by Jonathan Bernier without a rebound.
2:31 of 1st period - Brian Boyle wins face-off versus Kyle Turris in Jets zone.
2:46 of 1st period - Snap shot by Wayne Simmonds.
2:46 of 1st period - Stopped by Tuukka Rask with a rebound.
3:03 of 1st period - Wrist shot by Alex Galchenyuk.
3:03 of 1st period - Stopped by Tuukka Rask with a rebound.
3:07 of 1st period - Slapshot by Alex Galchenyuk.
3:07 of 1st period - Deflect By Filip Chytil.
3:07 of 1st period - Shot Misses the Net.
3:07 of 1st period - Puck is out of play.
3:08 of 1st period - Auston Matthews wins face-off versus Nathan MacKinnon in Penguins zone.
3:37 of 1st period - Icing by Jonathan Ericsson.
3:38 of 1st period - Tim Schaller wins face-off versus Filip Chytil in Jets zone.
3:39 of 1st period - Backhand shot by Reid Boucher.
3:39 of 1st period - Stopped by Jonathan Bernier without a rebound.
3:40 of 1st period - Joel Armia wins face-off versus Colton Sissons in Jets zone.
3:45 of 1st period - Snap shot by Auston Matthews.
3:45 of 1st period - Stopped by Jonathan Bernier with a rebound.
3:52 of 1st period - Off-side.
3:53 of 1st period - Nathan MacKinnon wins face-off versus Sam Bennett in neutral zone.
4:08 of 1st period - Erik Gudbranson is hit by Sam Bennett and loses puck.
4:23 of 1st period - Wrist shot by Filip Chytil.
4:23 of 1st period - Stopped by Tuukka Rask without a rebound.
4:24 of 1st period - Brian Boyle wins face-off versus Colton Sissons in Penguins zone.
5:00 of 1st period - Snap shot by Victor Olofsson.
5:00 of 1st period - Deflect By Brent Burns.
5:00 of 1st period - Shot Misses the Net.
5:00 of 1st period - Puck is out of play.
5:01 of 1st period - Brian Boyle wins face-off versus Kyle Turris in Penguins zone.
5:17 of 1st period - Backhand shot by Brian Boyle.
5:17 of 1st period - Stopped by Jonathan Bernier without a rebound.
5:18 of 1st period - Nathan MacKinnon wins face-off versus Sam Bennett in Jets zone.
5:27 of 1st period - Slapshot by Nathan MacKinnon.
5:27 of 1st period - Shot Misses the Net.
5:29 of 1st period - Slapshot by Jonathan Ericsson.
5:29 of 1st period - Stopped by Tuukka Rask without a rebound.
5:30 of 1st period - Nathan MacKinnon wins face-off versus Auston Matthews in Penguins zone.
5:41 of 1st period - Snap shot by Auston Matthews.
5:41 of 1st period - Shot Misses the Net.
5:57 of 1st period - Alexander Volkov is hit by Brian Boyle and loses puck.
6:25 of 1st period - Josh Manson is hit by Reid Boucher and loses puck.
7:22 of 1st period - Victor Olofsson is hit by Mikael Granlund and loses puck.
7:43 of 1st period - Josh Manson is hit by Tim Schaller and loses puck.
8:04 of 1st period - Alexander Volkov is hit by Patric Hornqvist.
8:10 of 1st period - Icing by Alexander Volkov.
8:11 of 1st period - Brian Boyle wins face-off versus Kyle Turris in Jets zone.
8:40 of 1st period - Wrist shot by Patric Hornqvist.
8:40 of 1st period - Shot Blocked by James van Riemsdyk.
9:07 of 1st period - Snap shot by Sam Bennett.
9:07 of 1st period - Deflect By Jesperi Kotkaniemi.
9:07 of 1st period - Shot Blocked by Troy Brouwer.
9:07 of 1st period - Puck is out of play.
9:08 of 1st period - Nathan MacKinnon wins face-off versus Brian Boyle in Jets zone.
9:35 of 1st period - Michael Grabner is hit by Troy Brouwer and loses puck.
10:32 of 1st period - Snap shot by Filip Chytil.
10:32 of 1st period - Shot Misses the Net.
11:06 of 1st period - Victor Olofsson is hit by Mikkel Boedker and loses puck.
11:24 of 1st period - Brent Burns is hit by Zach Aston-Reese and loses puck.
11:49 of 1st period - Tim Schaller is hit by Filip Chytil and loses puck.
12:10 of 1st period - Brent Burns is hit by Wayne Simmonds and loses puck.
12:27 of 1st period - Patric Hornqvist is hit by Dakota Mermis and loses puck.
12:40 of 1st period - Roman Polak is hit by Colton Sissons.
13:03 of 1st period - Slapshot by Mikkel Boedker.
13:03 of 1st period - Stopped by Jonathan Bernier without a rebound.
13:04 of 1st period - Victor Olofsson wins face-off versus Auston Matthews in Jets zone.
13:04 of 1st period - Victor Olofsson is hit by Patric Hornqvist.
13:36 of 1st period - Snap shot by Filip Chytil.
13:36 of 1st period - Shot Misses the Net.
13:38 of 1st period - Snap shot by Filip Chytil.
13:38 of 1st period - Deflect By Colton Sissons.
13:38 of 1st period - Shot Misses the Net.
13:38 of 1st period - Puck is out of play.
13:39 of 1st period - Auston Matthews wins face-off versus Nathan MacKinnon in Penguins zone.
13:39 of 1st period - Joel Armia is hit by Erik Gudbranson and loses puck.
13:54 of 1st period - Backhand shot by Victor Olofsson.
13:54 of 1st period - Shot Blocked by Patric Hornqvist.
14:28 of 1st period - Snap shot by Mikael Granlund.
14:28 of 1st period - Stopped by Jonathan Bernier with a rebound.
15:05 of 1st period - Adam Lowry is hit by James van Riemsdyk and loses puck.
15:12 of 1st period - Josh Manson is hit by Roman Polak and loses puck.
15:31 of 1st period - Snap shot by Alex Galchenyuk.
15:31 of 1st period - Stopped by Tuukka Rask with a rebound.
15:33 of 1st period - Wrist shot by Alex Galchenyuk.
15:33 of 1st period - Shot Misses the Net.
15:59 of 1st period - Michael Grabner is hit by Alexander Volkov and loses puck.
16:20 of 1st period - Snap shot by Victor Olofsson.
16:20 of 1st period - Shot Misses the Net.
16:22 of 1st period - Slapshot by Josh Morrissey.
16:22 of 1st period - Stopped by Tuukka Rask with a rebound.
16:39 of 1st period - Adam Lowry is hit by Dakota Mermis and loses puck.
16:53 of 1st period - Icing by Brent Burns.
16:54 of 1st period - Colton Sissons wins face-off versus Sam Bennett in Penguins zone.
17:05 of 1st period - Snap shot by Filip Chytil.
17:05 of 1st period - Shot Misses the Net.
17:07 of 1st period - Snap shot by Filip Chytil.
17:07 of 1st period - Shot Misses the Net.
17:09 of 1st period - Slapshot by Filip Chytil.
17:09 of 1st period - Stopped by Tuukka Rask without a rebound.
17:10 of 1st period - Brian Boyle wins face-off versus Nathan MacKinnon in Penguins zone.
17:17 of 1st period - Dakota Mermis is hit by Mikael Granlund.
17:47 of 1st period - Alex Galchenyuk is hit by Patric Hornqvist and loses puck.
18:53 of 1st period - Icing by James van Riemsdyk.
18:54 of 1st period - Brian Boyle wins face-off versus James van Riemsdyk in Jets zone.
18:57 of 1st period - Snap shot by Mikael Granlund.
18:57 of 1st period - Shot Blocked by Josh Manson.
19:16 of 1st period - Off-side.
19:17 of 1st period - Brian Boyle wins face-off versus Colton Sissons in neutral zone.
19:20 of 1st period - Wrist shot by Michael Grabner.
19:20 of 1st period - Deflect By Josh Morrissey.
19:20 of 1st period - Shot Misses the Net.
19:20 of 1st period - Puck is out of play.
19:21 of 1st period - Brian Boyle wins face-off versus Colton Sissons in Jets zone.
19:24 of 1st period - Slapshot by Cale Makar.
19:24 of 1st period - Deflect By Brian Boyle.
19:24 of 1st period - Shot Misses the Net.
19:24 of 1st period - Puck is out of play.
19:25 of 1st period - Colton Sissons wins face-off versus Auston Matthews in Jets zone.
19:34 of 1st period - Backhand shot by Patric Hornqvist.
19:34 of 1st period - Shot Blocked by Filip Chytil.
19:36 of 1st period - Wrist shot by Mikkel Boedker.
19:36 of 1st period - Stopped by Jonathan Bernier with a rebound.
19:38 of 1st period - Snap shot by Auston Matthews.
19:38 of 1st period - Deflect By Patric Hornqvist.
19:38 of 1st period - Goal by Patric Hornqvist - Penguins : 1 - Jets : 1.
19:39 of 1st period - Brian Boyle wins face-off versus Nathan MacKinnon in neutral zone.
Goals for this period are 1 for Penguins vs 1 for Jets.
Shots for this period are 10 for Penguins vs 9 for Jets.

2nd period


0:01 of 2nd period - Nathan MacKinnon wins face-off versus Auston Matthews in neutral zone.
0:14 of 2nd period - Snap shot by Nathan MacKinnon.
0:14 of 2nd period - Shot Misses the Net.
1:10 of 2nd period - Snap shot by Auston Matthews.
1:10 of 2nd period - Stopped by Jonathan Bernier with a rebound.
1:14 of 2nd period - Slapshot by Patric Hornqvist.
1:14 of 2nd period - Shot Blocked by Mark Pysyk.
1:16 of 2nd period - Wrist shot by Auston Matthews.
1:16 of 2nd period - Stopped by Jonathan Bernier with a rebound.
1:57 of 2nd period - Snap shot by Kyle Turris.
1:57 of 2nd period - Stopped by Tuukka Rask with a rebound.
2:09 of 2nd period - Patric Hornqvist is hit by Colton Sissons and loses puck.
3:10 of 2nd period - Adam Lowry is hit by Dakota Mermis.
3:22 of 2nd period - Josh Manson is hit by Roman Polak.
4:02 of 2nd period - Off-side.
4:03 of 2nd period - Nathan MacKinnon wins face-off versus Auston Matthews in neutral zone.
4:09 of 2nd period - Wrist shot by Auston Matthews.
4:09 of 2nd period - Stopped by Jonathan Bernier without a rebound.
4:10 of 2nd period - Nathan MacKinnon wins face-off versus Auston Matthews in Jets zone.
4:17 of 2nd period - Wrist shot by Joel Armia.
4:17 of 2nd period - Stopped by Jonathan Bernier with a rebound.
4:19 of 2nd period - Slapshot by Joel Armia.
4:19 of 2nd period - Stopped by Jonathan Bernier with a rebound.
4:21 of 2nd period - Slapshot by Mikkel Boedker.
4:21 of 2nd period - Stopped by Jonathan Bernier with a rebound.
4:36 of 2nd period - Minor Penalty to Josh Manson for Slashing.
4:37 of 2nd period - Colton Sissons wins face-off versus Auston Matthews in Jets zone.
4:41 of 2nd period - Slapshot by Zach Aston-Reese.
4:41 of 2nd period - Stopped by Tuukka Rask without a rebound.
4:42 of 2nd period - Auston Matthews wins face-off versus Colton Sissons in Penguins zone.
4:49 of 2nd period - Slapshot by Patric Hornqvist.
4:49 of 2nd period - Stopped by Jonathan Bernier without a rebound.
4:50 of 2nd period - Auston Matthews wins face-off versus Colton Sissons in Jets zone.
4:55 of 2nd period - Snap shot by Auston Matthews.
4:55 of 2nd period - Shot Blocked by Zach Aston-Reese.
5:18 of 2nd period - Icing by Cale Makar.
5:19 of 2nd period - Colton Sissons wins face-off versus Tim Schaller in Penguins zone.
5:50 of 2nd period - Wrist shot by Brian Boyle.
5:50 of 2nd period - Shot Blocked by Josh Morrissey.
5:52 of 2nd period - Slapshot by Dmitry Orlov.
5:52 of 2nd period - Stopped by Jonathan Bernier with a rebound.
6:36 of 2nd period - Penalty to Josh Manson is over, Josh Manson is back on ice.
6:44 of 2nd period - Brent Burns is hit by Josh Morrissey and loses puck.
7:43 of 2nd period - Icing by Patric Hornqvist.
7:44 of 2nd period - Auston Matthews wins face-off versus Kyle Turris in Penguins zone.
8:17 of 2nd period - Wrist shot by Victor Olofsson.
8:17 of 2nd period - Shot Blocked by Mikael Granlund.
8:59 of 2nd period - Snap shot by Auston Matthews.
8:59 of 2nd period - Stopped by Jonathan Bernier without a rebound.
9:00 of 2nd period - Kyle Turris wins face-off versus Brian Boyle in Jets zone.
9:09 of 2nd period - Slapshot by Josh Morrissey.
9:09 of 2nd period - Stopped by Tuukka Rask with a rebound.
9:25 of 2nd period - Alexander Volkov is hit by Adam Lowry and loses puck.
9:44 of 2nd period - Alexander Volkov is hit by Tim Schaller and loses puck.
9:59 of 2nd period - Slapshot by Nathan MacKinnon.
9:59 of 2nd period - Stopped by Tuukka Rask with a rebound.
10:01 of 2nd period - Snap shot by Mark Pysyk.
10:01 of 2nd period - Stopped by Tuukka Rask with a rebound.
10:03 of 2nd period - Slapshot by Josh Morrissey.
10:03 of 2nd period - Stopped by Tuukka Rask with a rebound.
10:05 of 2nd period - Snap shot by Victor Olofsson.
10:05 of 2nd period - Stopped by Tuukka Rask without a rebound.
10:06 of 2nd period - Nathan MacKinnon wins face-off versus Brian Boyle in Penguins zone.
10:33 of 2nd period - Wrist shot by Reid Boucher.
10:33 of 2nd period - Shot Misses the Net.
10:35 of 2nd period - Wrist shot by Tim Schaller.
10:35 of 2nd period - Shot Blocked by Josh Manson.
10:37 of 2nd period - Wrist shot by Tim Schaller.
10:37 of 2nd period - Shot Misses the Net.
10:39 of 2nd period - Wrist shot by Adam Lowry.
10:39 of 2nd period - Shot Hit the Post.
10:41 of 2nd period - Snap shot by Tim Schaller.
10:41 of 2nd period - Stopped by Jonathan Bernier with a rebound.
10:57 of 2nd period - Icing by James van Riemsdyk.
10:58 of 2nd period - James van Riemsdyk wins face-off versus Auston Matthews in Jets zone.
11:24 of 2nd period - Dakota Mermis is hit by Brent Burns and loses puck.
11:35 of 2nd period - Snap shot by Victor Olofsson.
11:35 of 2nd period - Stopped by Tuukka Rask without a rebound.
11:36 of 2nd period - Brian Boyle wins face-off versus Colton Sissons in Penguins zone.
12:17 of 2nd period - Roman Polak is hit by Alex Galchenyuk and loses puck.
12:38 of 2nd period - Slapshot by Alex Galchenyuk.
12:38 of 2nd period - Stopped by Tuukka Rask without a rebound.
12:39 of 2nd period - Brian Boyle wins face-off versus Kyle Turris in Penguins zone.
12:44 of 2nd period - Snap shot by Mikael Granlund.
12:44 of 2nd period - Deflect By Brian Boyle.
12:44 of 2nd period - Shot Misses the Net.
12:44 of 2nd period - Puck is out of play.
12:45 of 2nd period - Brian Boyle wins face-off versus Kyle Turris in Jets zone.
12:52 of 2nd period - Snap shot by Brian Boyle.
12:52 of 2nd period - Stopped by Jonathan Bernier with a rebound.
13:18 of 2nd period - Snap shot by Joel Armia.
13:18 of 2nd period - Shot Blocked by Victor Olofsson.
13:20 of 2nd period - Snap shot by Joel Armia.
13:20 of 2nd period - Stopped by Jonathan Bernier with a rebound.
13:22 of 2nd period - Wrist shot by Auston Matthews.
13:22 of 2nd period - Stopped by Jonathan Bernier with a rebound.
13:24 of 2nd period - Slapshot by Cale Makar.
13:24 of 2nd period - Stopped by Jonathan Bernier with a rebound.
13:57 of 2nd period - Wrist shot by Alex Galchenyuk.
13:57 of 2nd period - Stopped by Tuukka Rask without a rebound.
13:58 of 2nd period - Auston Matthews wins face-off versus Colton Sissons in Penguins zone.
13:58 of 2nd period - Auston Matthews is hit by Josh Morrissey.
14:49 of 2nd period - Michael Grabner is hit by Jonathan Ericsson and loses puck.
16:23 of 2nd period - Wrist shot by Tim Schaller.
16:23 of 2nd period - Stopped by Jonathan Bernier with a rebound.
16:25 of 2nd period - Wrist shot by Adam Lowry.
16:25 of 2nd period - Stopped by Jonathan Bernier without a rebound.
16:26 of 2nd period - Michael Grabner wins face-off versus Nathan MacKinnon in Jets zone.
16:33 of 2nd period - Wrist shot by Mikael Granlund.
16:33 of 2nd period - Deflect By Michael Grabner.
16:33 of 2nd period - Shot Misses the Net.
16:33 of 2nd period - Puck is out of play.
16:34 of 2nd period - Brian Boyle wins face-off versus Victor Olofsson in Jets zone.
16:43 of 2nd period - James van Riemsdyk is hit by Mikael Granlund and loses puck.
16:50 of 2nd period - Snap shot by Mark Pysyk.
16:50 of 2nd period - Shot Blocked by Dmitry Orlov.
16:52 of 2nd period - Slapshot by Mark Pysyk.
16:52 of 2nd period - Stopped by Tuukka Rask without a rebound.
16:53 of 2nd period - Colton Sissons wins face-off versus Auston Matthews in Penguins zone.
17:47 of 2nd period - Snap shot by Sam Bennett.
17:47 of 2nd period - Stopped by Jonathan Bernier with a rebound.
18:02 of 2nd period - Snap shot by Zach Aston-Reese.
18:02 of 2nd period - Deflect By Troy Brouwer.
18:02 of 2nd period - Stopped by Tuukka Rask with a rebound.
18:04 of 2nd period - Snap shot by Jonathan Ericsson.
18:04 of 2nd period - Stopped by Tuukka Rask without a rebound.
18:05 of 2nd period - Mikael Granlund wins face-off versus Nathan MacKinnon in Penguins zone.
18:10 of 2nd period - Michael Grabner is hit by Jonathan Ericsson and loses puck.
18:33 of 2nd period - Snap shot by Wayne Simmonds.
18:33 of 2nd period - Goal by Wayne Simmonds - Penguins : 1 - Jets : 2.
18:34 of 2nd period - Auston Matthews wins face-off versus Nathan MacKinnon in neutral zone.
Goals for this period are 0 for Penguins vs 1 for Jets.
Shots for this period are 17 for Penguins vs 14 for Jets.

3rd period


0:01 of 3rd period - Nathan MacKinnon wins face-off versus Auston Matthews in neutral zone.
0:06 of 3rd period - Nathan MacKinnon is hit by Patric Hornqvist and loses puck.
0:31 of 3rd period - Slapshot by Brent Burns.
0:31 of 3rd period - Deflect By Alex Galchenyuk.
0:31 of 3rd period - Stopped by Jonathan Bernier with a rebound.
0:33 of 3rd period - Slapshot by Brent Burns.
0:33 of 3rd period - Stopped by Jonathan Bernier without a rebound.
0:34 of 3rd period - Colton Sissons wins face-off versus Sam Bennett in Jets zone.
1:31 of 3rd period - Slapshot by Erik Gudbranson.
1:31 of 3rd period - Shot Blocked by Mikael Granlund.
1:33 of 3rd period - Wrist shot by Josh Manson.
1:33 of 3rd period - Shot Misses the Net.
2:10 of 3rd period - Snap shot by Alex Galchenyuk.
2:10 of 3rd period - Stopped by Tuukka Rask without a rebound.
2:11 of 3rd period - Auston Matthews wins face-off versus Nathan MacKinnon in Penguins zone.
2:11 of 3rd period - Auston Matthews is hit by Victor Olofsson.
2:21 of 3rd period - Slapshot by Cale Makar.
2:21 of 3rd period - Shot Misses the Net.
3:21 of 3rd period - Snap shot by William Carrier.
3:21 of 3rd period - Stopped by Tuukka Rask without a rebound.
3:22 of 3rd period - Zach Aston-Reese wins face-off versus Auston Matthews in Penguins zone.
3:23 of 3rd period - Slapshot by Josh Morrissey.
3:23 of 3rd period - Shot Misses the Net.
3:57 of 3rd period - Snap shot by Mikael Granlund.
3:57 of 3rd period - Stopped by Jonathan Bernier with a rebound.
3:59 of 3rd period - Slapshot by Mikkel Boedker.
3:59 of 3rd period - Shot Misses the Net.
4:05 of 3rd period - Minor Penalty to Mark Pysyk for Goalie Interference.
4:06 of 3rd period - Colton Sissons wins face-off versus Auston Matthews in Jets zone.
4:23 of 3rd period - Snap shot by Auston Matthews.
4:23 of 3rd period - Shot Misses the Net.
6:05 of 3rd period - Penalty to Mark Pysyk is over, Mark Pysyk is back on ice.
6:24 of 3rd period - Wrist shot by Filip Chytil.
6:24 of 3rd period - Shot Misses the Net.
6:36 of 3rd period - Mikkel Boedker is hit by Kyle Turris and loses puck.
6:56 of 3rd period - Wrist shot by Filip Chytil.
6:56 of 3rd period - Shot Misses the Net.
6:58 of 3rd period - Slapshot by Mark Pysyk.
6:58 of 3rd period - Shot Misses the Net.
7:00 of 3rd period - Snap shot by Alexander Volkov.
7:00 of 3rd period - Stopped by Tuukka Rask with a rebound.
7:02 of 3rd period - Slapshot by Josh Morrissey.
7:02 of 3rd period - Stopped by Tuukka Rask with a rebound.
7:04 of 3rd period - Wrist shot by Filip Chytil.
7:04 of 3rd period - Stopped by Tuukka Rask without a rebound.
7:05 of 3rd period - Adam Lowry wins face-off versus Nathan MacKinnon in Penguins zone.
7:16 of 3rd period - Wrist shot by Victor Olofsson.
7:16 of 3rd period - Stopped by Tuukka Rask without a rebound.
7:17 of 3rd period - Auston Matthews wins face-off versus Nathan MacKinnon in Penguins zone.
7:32 of 3rd period - Slapshot by Auston Matthews.
7:32 of 3rd period - Shot Blocked by Erik Gudbranson.
7:52 of 3rd period - Snap shot by Reid Boucher.
7:52 of 3rd period - Deflect By Adam Lowry.
7:52 of 3rd period - Shot Blocked by Josh Manson.
7:52 of 3rd period - Puck is out of play.
7:53 of 3rd period - Colton Sissons wins face-off versus Adam Lowry in Jets zone.
8:00 of 3rd period - Snap shot by Filip Chytil.
8:00 of 3rd period - Shot Misses the Net.
8:10 of 3rd period - Snap shot by Adam Lowry.
8:10 of 3rd period - Shot Misses the Net.
8:46 of 3rd period - Snap shot by Tim Schaller.
8:46 of 3rd period - Deflect By Reid Boucher.
8:46 of 3rd period - Shot Blocked by Colton Sissons.
8:46 of 3rd period - Puck is out of play.
8:47 of 3rd period - Nathan MacKinnon wins face-off versus Brian Boyle in Jets zone.
8:47 of 3rd period - Nathan MacKinnon is hit by Michael Grabner.
9:15 of 3rd period - Josh Manson is hit by Jesperi Kotkaniemi.
9:39 of 3rd period - Wrist shot by Auston Matthews.
9:39 of 3rd period - Deflect By Patric Hornqvist.
9:39 of 3rd period - Stopped by Jonathan Bernier without a rebound.
9:40 of 3rd period - Zach Aston-Reese wins face-off versus Patric Hornqvist in Jets zone.
9:53 of 3rd period - Slapshot by Cale Makar.
9:53 of 3rd period - Shot Misses the Net.
10:32 of 3rd period - Snap shot by William Carrier.
10:32 of 3rd period - Stopped by Tuukka Rask without a rebound.
10:33 of 3rd period - Brian Boyle wins face-off versus Nathan MacKinnon in Penguins zone.
10:38 of 3rd period - Josh Manson is hit by Dmitry Orlov and loses puck.
10:45 of 3rd period - Snap shot by Michael Grabner.
10:45 of 3rd period - Stopped by Jonathan Bernier without a rebound.
10:46 of 3rd period - Nathan MacKinnon wins face-off versus Brian Boyle in Jets zone.
10:55 of 3rd period - Snap shot by Victor Olofsson.
10:55 of 3rd period - Stopped by Tuukka Rask with a rebound.
10:57 of 3rd period - Slapshot by Josh Manson.
10:57 of 3rd period - Deflect By James van Riemsdyk.
10:57 of 3rd period - Stopped by Tuukka Rask without a rebound.
10:58 of 3rd period - Brian Boyle wins face-off versus Nathan MacKinnon in Penguins zone.
10:58 of 3rd period - Brian Boyle is hit by Nathan MacKinnon.
11:06 of 3rd period - James van Riemsdyk is hit by Mikkel Boedker and loses puck.
11:43 of 3rd period - Backhand shot by Adam Lowry.
11:43 of 3rd period - Deflect By Wayne Simmonds.
11:43 of 3rd period - Stopped by Jonathan Bernier with a rebound.
12:25 of 3rd period - Slapshot by Victor Olofsson.
12:25 of 3rd period - Stopped by Tuukka Rask with a rebound.
12:27 of 3rd period - Wrist shot by James van Riemsdyk.
12:27 of 3rd period - Stopped by Tuukka Rask without a rebound.
12:28 of 3rd period - Brian Boyle wins face-off versus Nathan MacKinnon in Penguins zone.
13:03 of 3rd period - Wrist shot by Colton Sissons.
13:03 of 3rd period - Stopped by Tuukka Rask without a rebound.
13:04 of 3rd period - Auston Matthews wins face-off versus Kyle Turris in Penguins zone.
13:11 of 3rd period - Slapshot by Cale Makar.
13:11 of 3rd period - Shot Blocked by Josh Morrissey.
13:17 of 3rd period - Snap shot by Patric Hornqvist.
13:17 of 3rd period - Shot Blocked by Josh Morrissey.
13:19 of 3rd period - Snap shot by Auston Matthews.
13:19 of 3rd period - Deflect By Patric Hornqvist.
13:19 of 3rd period - Shot Blocked by Wayne Simmonds.
13:19 of 3rd period - Puck is out of play.
13:20 of 3rd period - Brian Boyle wins face-off versus Nathan MacKinnon in Jets zone.
13:35 of 3rd period - Michael Grabner is hit by James van Riemsdyk and loses puck.
14:40 of 3rd period - Off-side.
14:41 of 3rd period - Nathan MacKinnon wins face-off versus Sam Bennett in neutral zone.
15:07 of 3rd period - Slapshot by Auston Matthews.
15:07 of 3rd period - Stopped by Jonathan Bernier without a rebound.
15:08 of 3rd period - Kyle Turris wins face-off versus Auston Matthews in Jets zone.
15:35 of 3rd period - Brian Boyle is hit by Mark Pysyk and loses puck.
16:00 of 3rd period - Slapshot by Victor Olofsson.
16:00 of 3rd period - Shot Misses the Net.
16:06 of 3rd period - Snap shot by Victor Olofsson.
16:06 of 3rd period - Shot Misses the Net.
16:22 of 3rd period - Erik Gudbranson is hit by Tim Schaller and loses puck.
16:41 of 3rd period - Wrist shot by Mikael Granlund.
16:41 of 3rd period - Stopped by Jonathan Bernier without a rebound.
16:42 of 3rd period - Nathan MacKinnon wins face-off versus Brian Boyle in Jets zone.
16:52 of 3rd period - Victor Olofsson is hit by Brent Burns and loses puck.
17:26 of 3rd period - Patric Hornqvist is hit by Colton Sissons and loses puck.
17:33 of 3rd period - Filip Chytil is hit by Patric Hornqvist.
17:56 of 3rd period - Victor Olofsson is hit by Michael Grabner and loses puck.
18:15 of 3rd period - Snap shot by Cale Makar.
18:15 of 3rd period - Stopped by Jonathan Bernier with a rebound.
18:23 of 3rd period - Mikkel Boedker is hit by Kyle Turris and loses puck.
19:18 of 3rd period - Slapshot by Colton Sissons.
19:18 of 3rd period - Shot Misses the Net.
19:20 of 3rd period - Backhand shot by Erik Gudbranson.
19:20 of 3rd period - Shot Misses the Net.
19:22 of 3rd period - Snap shot by Troy Brouwer.
19:22 of 3rd period - Stopped by Tuukka Rask without a rebound.
19:23 of 3rd period - Todd McLellan call a timeout for Penguins.
19:23 of 3rd period - Auston Matthews wins face-off versus Colton Sissons in Penguins zone.
19:32 of 3rd period - Penguins, Tuukka Rask is pulled from the net.
19:32 of 3rd period - Wrist shot by Auston Matthews.
19:32 of 3rd period - Shot Misses the Net.
19:42 of 3rd period - Snap shot by Zach Aston-Reese.
19:42 of 3rd period - Shot Blocked by Auston Matthews.
19:44 of 3rd period - Wrist shot by Colton Sissons.
19:44 of 3rd period - Goal by Colton Sissons - Penguins : 1 - Jets : 3.
19:44 of 3rd period - Tuukka Rask from Penguins was sent back in the game.
19:45 of 3rd period - Auston Matthews wins face-off versus Colton Sissons in neutral zone.
19:53 of 3rd period - Off-side.
19:54 of 3rd period - Filip Chytil wins face-off versus Auston Matthews in neutral zone.
Goals for this period are 0 for Penguins vs 1 for Jets.
Shots for this period are 9 for Penguins vs 14 for Jets.